 Dungeon Crawl Stone Soup version 0.29-a0-517-gbdf32494f2 (webtiles) character file.

Game seed: 7869701301301071496

6557 porpoise the Archer (level 11, -4/60 HPs)
             Began as a Tengu Hunter on May 31, 2022.
             Was an Elder of Hepliaklqana.
             Slain by an orc warrior
             ... wielding a +0 hand axe
              (9 damage)
             ... on level 10 of the Dungeon.
             The game lasted 00:35:43 (9914 turns).

porpoise the Archer (Tengu Hunter)                  Turns: 9914, Time: 00:35:43

Health: -4/60      AC:  8    Str: 12 (14) XL:     11   Next: 1%
Magic:  12/12      EV: 21    Int:  8 (9)  God:    Hepliaklqana [****..]
Gold:   497        SH:  0    Dex: 21 (23) Spells: 10/10 levels left

rFire   . . .      SeeInvis .   b - +5 dagger of Chance {freeze, Dex+3}
rCold   . . .      Faith    .   (no shield)
rNeg    . . .      Spirit   .   y - +2 leather armour {rPois}
rPois   +          Reflect  .   (helmet restricted)
rElec   .          Harm     .   G - +0 cloak
rCorr   .          Rampage  .   v - +0 pair of gloves
Will    +....                   (boots unavailable)
Stlth   ++++......              (no amulet)
HPRegen 0.20/turn               i - ring of willpower
MPRegen 0.13/turn               E - +4 ring of evasion

@: on berserk cooldown, flying quickly and evasively, slowed, very slow
A: reduced essence, beak, talons 3, nimble flight
a: Renounce Religion, Recall Ancestor, Ancestor Identity, Transference, Idealise


You were on level 10 of the Dungeon.
You worshipped Hepliaklqana.
Hepliaklqana was greatly pleased with you.
You visited 2 branches of the dungeon, and saw 11 of its levels.

You collected 497 gold pieces.

Inventory:

Hand Weapons
 a - a +2 shortbow
 b - the +5 dagger of Chance (weapon) {freeze, Dex+3}
   (You found it on level 6 of the Dungeon)

   It freezes those it strikes, dealing additional cold damage.
   It can also slow down cold-blooded creatures.
   Dex:       It affects your dexterity (+3).
 w - a +4 vorpal spear
 F - a +4 short sword of freezing
Missiles
 e - 4 poisoned darts
 t - 7 boomerangs
Armour
 v - a +0 pair of gloves (worn)
 y - a +2 leather armour of poison resistance (worn)
 G - a +0 cloak (worn)
Magical Staves
 B - a staff of air
 L - a staff of conjuration
Jewellery
 i - a ring of willpower (left hand)
 m - a +6 ring of dexterity
 D - a +6 ring of intelligence
 E - a +4 ring of evasion (right hand)
 K - an amulet of the acrobat
Wands
 I - a wand of flame (9)
 J - a wand of iceblast (6)
Scrolls
 c - a scroll of immolation
 d - 2 scrolls of blinking
 g - 6 scrolls of teleportation
 n - 3 scrolls of enchant weapon
 r - 4 scrolls of noise
 x - a scroll of fear
 A - a scroll of fog {unknown}
 H - 2 scrolls of summoning {unknown}
 M - a scroll of magic mapping {unknown}
Potions
 f - 3 potions of attraction
 h - 2 potions of magic
 k - 6 potions of mutation
 l - 2 potions of brilliance
 p - a potion of degeneration
 q - a potion of lignification
 s - 2 potions of resistance
 u - a potion of invisibility
 z - a potion of might {unknown}
 C - a potion of haste {unknown}


   Skills:
 - Level 7.0 Fighting
 * Level 12.3 Bows
 - Level 7.0 Armour
 * Level 5.1 Dodging
 - Level 7.0 Stealth
 + Level 3.2 Evocations


You had 10 spell levels left.
You didn't know any spells.
Your spell library was empty.

Dungeon Overview and Level Annotations

Branches:
Dungeon (10/15)            Temple (1/1) D:4            Lair (0/6) D:10
    Orc: D:9-12

Altars:
Ashenzari
Cheibriados
Dithmenos
Elyvilon
Fedhas
Gozag
Hepliaklqana
Kikubaaqudgha
Makhleb
Nemelex Xobeh
Okawaru
Qazlal
Ru
Sif Muna
Trog
Uskayaw
Vehumet
Wu Jian
Xom
Yredelemnul
Zin
The Shining One

Shops:
D:3 :   D:7 (

Annotations:
D:3 1 runed translucent door, CowFu's ghost, amateur DjCj
D:7 2 transporters rCorr, Heh's ghost, novice OpGl


Innate Abilities, Weirdness & Mutations

Your life essence is reduced to manifest your ancestor. (-10% HP)
You have a beak for a mouth.
You have claws for feet.
Your magical nature lets you fly swiftly and evasively.


Message History

You feel yourself slow down.
The orc barely misses Nikki.
Nikki hits the orc with a +0 flail!
The orc dies!
You hit the orc. You freeze the orc. You claw the orc.
You kill the orc!
The orc seems to regain its courage.
Nikki blocks the orc warrior's attack.
Nikki hits the orc warrior with a +0 flail.
The orc warrior misses you.
Nikki blocks the orc warrior's attack.
You hit the orc warrior. You freeze the orc warrior.
You claw the orc warrior, but do no damage.
You peck the orc warrior, but do no damage.
The orc warrior is moderately wounded.
Nikki hits the orc warrior but does no damage.
The orc warrior hits Nikki but does no damage.
The orc warrior barely misses you.
Nikki hits the orc warrior but does no damage.
You feel better.
The orc warrior hits Nikki with a +0 scimitar!
The orc warrior hits you with a +0 hand axe!
* * * LOW HITPOINT WARNING * * *
Nikki barely misses the orc warrior.
The orc warrior hits you but does no damage.
The orc warrior hits Nikki with a +0 scimitar.
You feel better.
Nikki barely misses the orc warrior.
The orc warrior hits Nikki but does no damage.
The orc warrior misses you.
Nikki barely misses the orc warrior.
Unknown command.
Okay, then.
The orc warrior attacks as you move away!
The orc warrior misses you.
Something barely misses Nikki.
Something hits Nikki but does no damage.
Something barely misses Nikki.
The orc warrior hits you with a +0 hand axe!
* * * LOW HITPOINT WARNING * * *
The orc attacks as you move away! The orc hits you but does no damage.
Nikki hits the orc with a +0 flail!
The orc dies!
Nikki blocks the orc's attack.
The orc warrior hits you with a +0 hand axe!
You die...

###'###
#.# #.#
#.## ##.#
#..# #..#
##.# #.##
#.# ##'##
#.# ....#
#)# ....#
#.#
....###
#@#
......##
#o#
....#..#
#.#
###....#
#R##
...#...#
#o.#
.#....##
##.#
P##...#
#o#
PP..#.#
#.$..$)).#
...≈#.####
#$...)).$#


You could see the friendly Nikki the knight, 2 orc warriors and an orc.

Vanquished Creatures
  A hornet (D:9)
  Eustachio (D:5)
  5 yaks
  Grum (D:9)
  2 vampire mosquitoes (D:9)
  An orc warrior (D:10)
  2 ice beasts
  2 sky beasts
  6 centaurs
  2 wolves (D:9)
  A phantom (D:4)
  4 bullfrogs
  2 scorpions
  2 necrophages
  14 wights
  Dowan (D:4)
  3 killer bees (D:10)
  A hound (D:7)
  2 jellies
  4 orc priests
  A gnoll shaman (D:5)
  3 iguanas
  2 orc wizards
  5 gnolls
  10 adders
  A white imp (D:6)
  30 orcs
  2 bats
  3 endoplasms
  A giant cockroach (D:1)
  5 goblins
  12 hobgoblins
  9 jackals
  7 quokkas
  6 ball pythons
  7 frilled lizards
  4 kobolds
  A rat (D:2)
166 creatures vanquished.

Vanquished Creatures (collateral kills)
  Sigmund (D:2)
  A vampire (D:10)
  A yak (D:9)
  2 water moccasins
  Duvessa (D:4)
  A black bear (D:6)
  An ice beast (D:8)
  An orc warrior (D:10)
  An ogre (D:5)
  A phantom (D:5)
  A necrophage (D:8)
  2 bullfrogs
  A scorpion (D:6)
  4 wights
  3 killer bees (D:10)
  A hound (D:6)
  An orc priest (D:10)
  An orc wizard (D:5)
  6 gnolls
  An adder (D:6)
  9 orcs
41 creatures vanquished.

Vanquished Creatures (others)
  2 knights
  2 ancestors
  A plant (D:10)
5 creatures vanquished.

Grand Total: 212 creatures vanquished

Notes
Turn   | Place    | Note
-------+----------+-------------------------------------------
     0 | D:1      | porpoise the Tengu Hunter began the quest for the Orb.
     0 | D:1      | Reached XP level 1. HP: 12/12 MP: 2/2
    85 | D:1      | Reached XP level 2. HP: 17/17 MP: 3/3
   417 | D:1      | Reached XP level 3. HP: 22/22 MP: 4/4
   700 | D:2      | Noticed Sigmund
   717 | D:1      | HP: 1/22 [quokka (1)]
  1223 | D:2      | Reached skill level 5 in Bows
  1610 | D:3      | Reached XP level 4. HP: 28/28 MP: 5/5
  1820 | D:3      | Found a runed translucent door.
  1827 | D:3      | Noticed CowFu's ghost (amateur DjCj)
  2120 | D:3      | Found a faded altar of an unknown god.
  2172 | D:3      | Found Bacemuna's Book Shoppe.
  2502 | D:4      | Noticed a phantom
  2508 | D:4      | Killed a phantom
  2509 | D:4      | Gained mutation: Your magical nature lets you fly swiftly
                  | and evasively. [Tengu growth]
  2509 | D:4      | Reached XP level 5. HP: 33/33 MP: 6/6
  2511 | D:4      | Found a staircase to the Ecumenical Temple.
  2522 | Temple   | Entered the Ecumenical Temple
  2765 | Temple   | Became a worshipper of Hepliaklqana the Forgotten
  2858 | D:4      | Reached skill level 6 in Bows
  2858 | D:4      | Reached XP level 6. HP: 17/38 MP: 7/7
  3147 | D:4      | Found a blossoming altar of Fedhas.
  3734 | D:4      | Reached * piety under Hepliaklqana
  3927 | D:5      | Entered Level 5 of the Dungeon
  3952 | D:5      | Noticed an ice beast
  3963 | D:5      | Killed an ice beast
  3964 | D:5      | Reached XP level 7. HP: 18/39 MP: 8/8
  4155 | D:5      | Reached skill level 5 in Fighting
  4220 | D:5      | Reached skill level 7 in Bows
  4283 | D:5      | Noticed Duvessa
  4292 | D:5      | Noticed Dowan
  4304 | D:4      | Killed Duvessa
  4308 | D:4      | Killed Dowan
  4521 | D:5      | Reached XP level 8. HP: 45/45 MP: 9/9
  4602 | D:5      | Noticed Eustachio
  4623 | D:5      | Killed Eustachio
  4630 | D:5      | Reached skill level 8 in Bows
  5366 | D:6      | Reached skill level 5 in Stealth
  5783 | D:6      | Reached ** piety under Hepliaklqana
  5784 | D:6      | Remembered your ancestor Nikki as a knight
  5798 | D:6      | Reached skill level 9 in Bows
  5831 | D:6      | Reached skill level 1 in Armour
  5831 | D:6      | Reached XP level 9. HP: 51/51 MP: 10/10
  5895 | D:6      | Identified the +5 dagger of Chance {freeze, Dex+3}
  6406 | D:7      | Found Keipel's Weapon Shop.
  6413 | D:7      | Noticed Heh's ghost (novice OpGl)
  6414 | D:7      | Noticed a two-headed ogre
  6418 | D:7      | Found a transporter.
  6427 | D:7      | Reached skill level 10 in Bows
  6450 | D:7      | Found a transporter.
  6916 | D:2      | Killed Sigmund
  6917 | D:2      | Reached skill level 5 in Armour
  7284 | D:8      | Reached XP level 10. HP: 50/56 MP: 11/11
  7623 | D:8      | Reached *** piety under Hepliaklqana
  7656 | D:8      | Reached skill level 11 in Bows
  8482 | D:9      | Noticed Grum
  8507 | D:9      | Killed Grum
  8508 | D:9      | Reached skill level 1 in Evocations
  8883 | D:9      | Reached **** piety under Hepliaklqana
  8924 | D:10     | Entered Level 10 of the Dungeon
  9007 | D:10     | HP: 2/56 [yak (13)]
  9414 | D:9      | Reached skill level 12 in Bows
  9631 | D:10     | Found a staircase to the Lair.
  9893 | D:10     | HP: 1/84 [orc warrior/+0 long sword (5)]
  9896 | D:10     | Reached skill level 5 in Dodging
  9896 | D:10     | Reached XP level 11. HP: 1/60 MP: 12/12
  9914 | D:10     | Slain by an orc warrior

Illustrated notes

Levels and vault maps discovered:
D:1:      evilmike_arrival_crescent, layout_rooms
D:2:      layout_rooms, grunt_ministairs_10, uniq_sigmund
D:3:      layout_loops_ring, serial_shops, shop, ebering_ghost_sewer_d,
          hellmonk_ecumenical_altar_prayer_group, nrook_loot_triangle
D:4:      layout_cave_pools, mainiacjoe_overflow_paths,
          minmay_temple_entry_junction, minmay_misc_feat_plants
D:5:      layout_loops_ring, uniq_duvessa, uniq_eustachio
D:6:      layout_cave_pools, nicolae_ossuary_entry_ruins
D:7:      layout_rooms, gammafunk_ghost_arena, serial_shops, shop
D:8:      layout_cave_pools
D:9:      layout_roguey, uniq_grum
D:10:     layout_roguey [special_room_orc], dpeg_oklobed_lair,
          nicolae_inconvenience_store, uniq_sonja, uniq_erica, uniq_maggie,
          uniq_josephine
Temple:   mainiacjoe_temple_starburst

Skill      XL: |  1  2  3  4  5  6  7  8  9 10 |
---------------+-------------------------------+-----
Bows           | 5 6 7 9 10 12 | 12.3
Fighting       | 3 4 5 7 |  7.0
Stealth        | 2 3 4 5 6 7 |  7.0
Armour         | 1 5 7 |  7.0
Evocations     | 3 |  3.2
Dodging        | 5 |  5.1

Action                   |  1- 3 |  4- 6 |  7- 9 | 10-12 || total
-------------------------+-------+-------+-------+-------++-------
Melee: Spear             |       |       |    14 |       ||    14
       Kick              |       |       |     6 |     3 ||     9
       Peck              |       |       |     1 |     3 ||     4
       Dagger            |       |       |       |    15 ||    15
 Fire: Shortbow          |    94 |   120 |   228 |   193 ||   635
Throw: Dart              |       |       |       |     7 ||     7
Invok: Ancestor Identity |       |     1 |     1 |       ||     2
       Recall Ancestor   |       |       |     4 |       ||     4
       Ancestor Life: Kn |       |       |     1 |       ||     1
  Use: Potion            |     2 |       |     2 |     5 ||     9
       Scroll            |       |       |     9 |     3 ||    12
Armor: Leather armour    |    13 |     3 |    12 |     9 ||    37
       Skin              |     5 |       |       |       ||     5
       Ring mail         |       |       |    12 |       ||    12
Dodge: Dodged            |    33 |    18 |    42 |    62 ||   155

Table legend: (Time is in decaauts)
 A = Elapsed time spent in this place.
 B = Non-inter-level travel time spent in this place.
 C = Inter-level travel time spent in this place.
 D = Time resting spent in this place.
 E = Time spent auto-exploring this place.
 F = Levels seen in this place.
 G = Mean time per level.
                   A        B        C        D        E       F      G
               +--------+--------+--------+--------+--------+-----+--------+
         Total |   9653 |   9191 |    462 |   3651 |   3873 |  11 |  877.5 |
       Dungeon |   9380 |   8971 |    409 |   3651 |   3664 |  10 |  938.0 |
        Temple |    273 |    220 |     53 |      0 |    208 |   1 |  273.0 |
               +--------+--------+--------+--------+--------+-----+--------+

Top non-repeatable levels by time:
     D:9: 1402 daAuts
     D:4: 1356 daAuts
     D:5: 1335 daAuts
     D:1: 1221 daAuts
     D:3: 1042 daAuts
     D:8: 748 daAuts
     D:6: 693 daAuts
     D:2: 604 daAuts
     D:7: 583 daAuts
    D:10: 392 daAuts
  Temple: 273 daAuts
